 Dungeon Crawl Stone Soup version 0.28.0-53-g5a82cb258f (webtiles) character file.

Game seed: 6725256037879138326

124 Sin92 the Magician (level 4, -2/32 HPs)
             Began as a Demonspawn Hedge Wizard on July 28, 2022.
             Slain by Robin
             ... wielding a +2 spear of distortion
              (4 damage)
             ... on level 3 of the Dungeon.
             The game lasted 00:02:47 (2604 turns).

Sin92 the Magician (Demonspawn Hedge Wizard)        Turns: 2604, Time: 00:02:48

Health: -2/32      AC:  7    Str: 10    XL:     4   Next: 81%
Magic:  18/18      EV: 12    Int: 15    God:
Gold:   89         SH:  0    Dex: 15    Spells: 8/9 levels left

rFire   . . .      SeeInvis .   a - +1 dagger (chaos)
rCold   . . .      Faith    .   (no shield)
rNeg    . . .      Spirit   .   b - +0 robe
rPois   .          Reflect  .   c - +0 hat
rElec   .          Harm     .   (no cloak)
rCorr   .          Rampage  .   h - +0 pair of gloves
Will    .....                   (no boots)
Stlth   ++........              (no amulet)
HPRegen 0.10/turn               k - +4 ring of protection
MPRegen 0.16/turn               f - ring of magical power

@: no status effects
A: demonic guardian 2
a: no special abilities


You were on level 3 of the Dungeon.
You visited 1 branch of the dungeon, and saw 3 of its levels.

You collected 89 gold pieces.

Inventory:

Hand Weapons
 a - a +1 dagger of chaos (weapon)
Missiles
 m - a throwing net
Armour
 b - a +0 robe (worn)
 c - a +0 hat (worn)
 h - a +0 pair of gloves (worn)
Jewellery
 f - a ring of magical power (right hand)
 k - a +4 ring of protection (left hand)
Scrolls
 j - a scroll of holy word
Potions
 d - a potion of curing {unknown}
 e - a potion of resistance {unknown}
 g - a potion of attraction {unknown}
 i - a potion of haste {unknown}
 l - a potion of ambrosia {unknown}
 n - a potion of might {unknown}


   Skills:
 + Level 1.3 Fighting
 + Level 1.1 Short Blades
 + Level 1.0 Armour
 + Level 2.3 Dodging
 + Level 2.3 Stealth
 + Level 3.3 Spellcasting
 + Level 1.8 Conjurations
 - Level 1.0 Summonings
 + Level 1.5 Translocations


You had 8 spell levels left.
You knew the following spells:

 Your Spells              Type           Power      Damage    Failure   Level
a - Magic Dart            Conj           32%        1d4       9%          1

Your spell library contained the following spells:

 Spells                   Type           Power      Damage    Failure   Level
 Blink                    Tloc           14%        N/A       16%         2
 Slow                     Hex            8%         N/A       19%         1
 Call Imp                 Summ           5%         N/A       19%         2
 Ensorcelled Hibernation  Hex/Ice        4%         N/A       28%         2
 Conjure Flame            Conj/Fire      5%         6-21      36%         3
 Dazzling Flash           Conj/Hex       10%        N/A       36%         3
 Mephitic Cloud           Conj/Pois/Air  4%         N/A       41%         3
 Spider Form              Tmut/Pois      2%         N/A       50%         3
 Anguish                  Hex/Necr       1%         N/A       88%         4
 Agony                    Necr           2%         N/A       99%         5
 Silence                  Hex/Air        1%         N/A       99%         5


Dungeon Overview and Level Annotations

Branches:
Dungeon (3/15)

Altars:
Dithmenos

Annotations:
D:3 Robin


Innate Abilities, Weirdness & Mutations

A demonic guardian rushes to your aid.


Message History

The goblin hits you but does no damage.
You hit the goblin but do no damage.
The goblin suddenly seems more agile.
Robin barely misses you. The goblin barely misses you.
You closely miss the goblin.
Robin zaps a wand.
The puff of flame hits you.
You hit the goblin. You freeze the goblin.
The goblin is heavily wounded.
The goblin hits you but does no damage. Robin closely misses you.
You hit the goblin.
The goblin is severely wounded.
The goblin barely misses you. Robin hits you but does no damage.
Space warps around you.
You barely miss the goblin.
The goblin is severely wounded.
The goblin misses you.
Robin zaps a wand.
The puff of flame misses you.
You hit the goblin.
You kill the goblin!
Robin closely misses you.
Found a stone staircase leading up.
Robin hits you with a +2 spear of distortion.
Space warps around you.
Items here: ( )))))))) ††††.
You are too injured to fight recklessly!
You are too injured to fight recklessly!
You are too injured to fight recklessly!
You are too injured to fight recklessly!
You are too injured to fight recklessly!
You are too injured to fight recklessly!
You are too injured to fight recklessly!
Unknown command.
Unknown command.
You are too injured to fight recklessly!
Unknown command.
You are too injured to fight recklessly!
You hit Robin but do no damage. Robin barely misses you.
You barely miss Robin.
Robin zaps a wand.
The puff of flame hits you!
* * * LOW HITPOINT WARNING * * *
A demonic guardian appears!
You barely miss Robin.
Robin hits you with a +2 spear of distortion.
You die...

## .. #. #.####
#....# ###.#
#.$#)###4.....
#...).@g..(..<
)......#.##.###...
#####.##.# .#
#.#..# .#
#.#.###.# #+#
#.......# #.#
###.##### #.# #.#
#.##### #.#


You could see Robin (ally target) and a friendly ice devil (summoned).

Vanquished Creatures
  Jessica (D:3)
  3 adders
  A worm (D:2)
  2 dart slugs
  An orc (D:3)
  5 endoplasms
  4 giant cockroaches
  12 goblins
  8 hobgoblins
  A quokka (D:2)
  7 ball pythons
  6 bats
  4 frilled lizards
  A kobold (D:2)
  5 rats
61 creatures vanquished.

Vanquished Creatures (collateral kills)
  A worm (D:2)
  An orc (D:3)
  A bat (D:2)
  A goblin (D:3)
  A quokka (D:2)
  A kobold (D:2)
6 creatures vanquished.

Grand Total: 67 creatures vanquished

Notes
Turn   | Place    | Note
-------+----------+-------------------------------------------
     0 | D:1      | Sin92 the Demonspawn Hedge Wizard began the quest for the
                  | Orb.
     0 | D:1      | Reached XP level 1. HP: 13/13 MP: 4/4
    26 | D:1      | Reached skill level 1 in Translocations
   153 | D:1      | Found a faded altar of an unknown god.
   247 | D:1      | Gained mutation: A weak demonic guardian rushes to your
                  | aid. [demonic ancestry]
   247 | D:1      | Reached XP level 2. HP: 10/19 MP: 3/6
  1344 | D:2      | Gained mutation: A demonic guardian rushes to your aid.
                  | [demonic ancestry]
  1344 | D:2      | Reached XP level 3. HP: 24/25 MP: 2/7
  1572 | D:2      | Reached skill level 1 in Fighting
  2230 | D:3      | Reached XP level 4. HP: 28/32 MP: 8/8
  2485 | D:3      | Found a shadowy altar of Dithmenos.
  2559 | D:3      | Noticed Jessica
  2561 | D:3      | Killed Jessica
  2562 | D:3      | Reached skill level 1 in Short Blades
  2579 | D:3      | Noticed Robin
  2581 | D:3      | Reached skill level 1 in Armour
  2604 | D:3      | Slain by Robin

Illustrated notes

Levels and vault maps discovered:
D:1:      nicolae_arrival_memento_mori, layout_rooms,
          dreamdust_ecumenical_altar_statues, corner_web_ring
D:2:      layout_loops_cross, glass_columns_c, kennysheep_generic_room_2
D:3:      layout_loops_corners, grunt_dithmenos_smoke,
          chequers_serial_rivers_micro_d, amcnicky_mini_pool_small,
          dk_noncrumbling_4, uniq_jessica, uniq_robin

Skill      XL: |  1  2  3  4 |
---------------+-------------+-----
Translocations | 1 |  1.5
Stealth        | 2 |  2.3
Dodging        | 2 |  2.3
Fighting       | 1 |  1.3
Short Blades   | 1 |  1.1
Armour         | 1 |  1.0
Spellcasting   | |  3.3
Conjurations   | |  1.8
Summonings     | |  1.0

Action                   |  1- 3 |  4- 6 || total
-------------------------+-------+-------++-------
Melee: Dagger            |   100 |    35 ||   135
       Punch             |       |     1 ||     1
 Cast: Magic Dart        |    50 |       ||    50
  Use: Scroll            |     3 |       ||     3
       Potion            |     1 |       ||     1
 Stab: Sleeping          |     8 |     3 ||    11
       Confused          |     2 |       ||     2
       Distracted        |     1 |       ||     1
Armor: Robe              |    27 |    10 ||    37
Dodge: Dodged            |    84 |    21 ||   105
